 Dungeon Crawl Stone Soup version 0.26-a0-651-gb41185065b (webtiles) character file.

Game seed: 9114621419615354224

182 kae the Ruffian (level 5, -13/40 HPs)
             Began as a Draconian Transmuter on Oct 13, 2020.
             Mangled by an ogre
             ... wielding a +0 giant club
              (27 damage)
             ... on level 4 of the Dungeon.
             The game lasted 00:02:07 (3544 turns).

kae the Ruffian (Draconian Transmuter)              Turns: 3544, Time: 00:02:07

Health: -13/40     AC:  5    Str: 13    XL:     5   Next: 35%
Magic:  7/8        EV: 12    Int: 13    God:
Gold:   215        SH:  0    Dex: 12    Spells: 0/8 levels left

rFire    . . .     SeeInvis .   c - +1 whip (venom)
rCold    . . .     Faith    .   (no shield)
rNeg     . . .     Spirit   .   (armour unavailable)
rPois    .         Reflect  .   (helmet currently unavailable)
rElec    .         Harm     .   (no cloak)
rCorr    .         Rampage  .   (no gloves)
MR       .....                  (boots currently unavailable)
Stlth    +.........             (no amulet)
HPRegen  0.13/turn              (no ring)
MPRegen  0.11/turn              (no ring)

@: appendages
A: unfitting armour, horns 2, talons 2, cold-blooded, AC +5
a: End Transformation


You were on level 4 of the Dungeon.
You had grown temporary horns.
You had grown temporary talons.
You visited 1 branch of the dungeon, and saw 4 of its levels.

You collected 215 gold pieces.

Inventory:

Hand Weapons
 c - a +1 whip of venom (weapon)
 e - a +1 whip of electrocution
Scrolls
 b - 2 scrolls of remove curse
 h - a scroll of magic mapping
 j - a scroll of immolation
Potions
 a - 2 potions of stabbing
 d - a potion of heal wounds
 g - a potion of flight {unknown}
 i - a potion of curing {unknown}


   Skills:
 - Level 1.1 Fighting
 - Level 1.7 Dodging
 * Level 5.3 Unarmed Combat
 - Level 2.0 Spellcasting
 + Level 3.5 Transmutations


You couldn't memorise any spells.
You knew the following spells:

 Your Spells              Type           Power        Failure   Level
a - Beastly Appendage     Tmut           ##....       6%          1
b - Wereblood             Tmut           ##......     9%          2
c - Spider Form           Tmut/Pois      #.........   36%         3
d - Swiftness             Air            #.......     36%         2

Your spell library contained the following spells:

 Spells                   Type           Power        Failure   Level
 Passwall                 Tmut/Erth      #.......     19%         2
 Ice Form                 Ice/Tmut       #.......     77%         4
 Blade Hands              Tmut           ##........   85%         5
 Passage of Golubria      Tloc           N/A          94%         4
 Lee's Rapid Deconstruct  Erth           #.........   100%        5
 Invisibility             Hex            #.......     100%        6


Dungeon Overview and Level Annotations

Branches:
Dungeon (4/15)
 Temple: D:4-7

Altars:
Dithmenos
Fedhas

Annotations:
D:3 1 runed translucent door, p0werm0de's ghost, amateur GrFi


Innate Abilities, Weirdness & Mutations

Your plain brown scales are hard. (AC +5)
You cannot fit into any form of body armour.
You are cold-blooded and may be slowed by cold attacks.
You have a pair of horns on your head.
You have razor-sharp toenails.


Message History

Confirm with . or Enter, or press ? or * to list all spells.
You grow a pair of large bovine horns.
Your feet morph into talons.
The ogre misses you.
You barely miss the ogre. You claw the ogre, but do no damage.
You headbutt the ogre.
The ogre is lightly wounded.
The ogre hits you with a +0 giant club!
You hit the ogre.
The ogre is poisoned.
You headbutt the ogre!
You tail-slap the ogre, but do no damage.
The ogre is heavily wounded.
The ogre hits you with a +0 giant club!!
Okay, then.
Okay, then.
You hit the ogre.
The ogre looks as sick as possible!
Your tail-slap misses the ogre.
The ogre is severely wounded.
The worker ant bites you but does no damage.
The ogre hits you with a +0 giant club!!
Ouch! That really hurt!
You die...

##.. .... .....
..... ....).
......#### #
........<#.#.#.#
.......a@O......
....?.######.#..
..... .... ..a
##


You could see an ogre (extremely poisoned) and a worker ant.

Vanquished Creatures
  2 orc priests (D:3)
  3 adders
  A worm (D:3)
  4 dart slugs
  4 leopard geckos
  5 orcs (D:3)
  9 bats
  4 giant cockroaches
  12 goblins
  5 hobgoblins
  3 jackals (D:3)
  A quokka (D:2)
  A ball python (D:1)
  4 frilled lizards
  10 kobolds
  13 rats
81 creatures vanquished.

Notes
Turn   | Place    | Note
-------+----------+-------------------------------------------
     0 | D:1      | kae the Draconian Transmuter began the quest for the Orb.
     0 | D:1      | Reached XP level 1. HP: 16/16 MP: 3/3
   384 | D:1      | Reached XP level 2. HP: 4/23 MP: 3/5
  1364 | D:2      | Reached skill level 4 in Unarmed Combat
  1364 | D:2      | Reached XP level 3. HP: 20/28 MP: 4/6
  1922 | D:2      | Found a faded altar of an unknown god.
  2102 | D:2      | Reached XP level 4. HP: 31/35 MP: 7/7
  2523 | D:3      | Found a shadowy altar of Dithmenos.
  2534 | D:3      | Found a blossoming altar of Fedhas.
  3082 | D:3      | Found a runed translucent door.
  3085 | D:3      | Noticed p0werm0de's ghost (amateur GrFi)
  3182 | D:3      | Reached skill level 5 in Unarmed Combat
  3182 | D:3      | Reached XP level 5. HP: 17/40 MP: 8/8
  3487 | D:3      | Learned a level 2 spell: Wereblood
  3491 | D:3      | Learned a level 3 spell: Spider Form
  3494 | D:3      | Learned a level 2 spell: Swiftness
  3538 | D:4      | Noticed an ogre
  3544 | D:4      | Mangled by an ogre

Illustrated notes

Levels and vault maps discovered:
D:1:      dpeg_arrival_rhombi, layout_loops_ring, chequers_serial_rivers_micro_a
D:2:      layout_loops_ring, chequers_ecumenical_altar_simple_redux,
          minmay_misc_feat_secret_circle
D:3:      layout_loops_corners, nicolae_overflow_hidden_temple,
          gammafunk_ghost_grave, minmay_pentangle
D:4:      layout_basic, zin_purify

Skill      XL: |  1  2  3  4 |
---------------+-------------+-----
Unarmed Combat | 4 5 |  5.3
Transmutations | 3 |  3.5
Fighting       | |  1.1
Dodging        | |  1.7
Spellcasting   | |  2.0

Action                   |  1- 3 |  4- 6 || total
-------------------------+-------+-------++-------
Melee: Unarmed           |    45 |       ||    45
       Headbutt          |    13 |     6 ||    19
       Kick              |    11 |     7 ||    18
       Tailslap          |     9 |    10 ||    19
       Whip              |    73 |    82 ||   155
       Punch             |     1 |     1 ||     2
 Cast: Beastly Appendage |    34 |    12 ||    46
  Use: Scroll            |     3 |     4 ||     7
       Potion            |       |     3 ||     3
 Stab: Sleeping          |     1 |     2 ||     3
Armor: Skin              |    47 |    30 ||    77
Dodge: Dodged            |    92 |    42 ||   134

Table legend: (Time is in decaauts)
 A = Elapsed time spent in this place.
 B = Non-inter-level travel time spent in this place.
 C = Inter-level travel time spent in this place.
 D = Time resting spent in this place.
 E = Time spent auto-exploring this place.
 F = Levels seen in this place.
 G = Mean time per level.
                   A        B        C        D        E       F      G
               +--------+--------+--------+--------+--------+-----+--------+
         Total |   3555 |   3469 |     86 |    293 |   2627 |   4 |  888.8 |
       Dungeon |   3555 |   3469 |     86 |    293 |   2627 |   4 |  888.8 |
               +--------+--------+--------+--------+--------+-----+--------+

Top non-repeatable levels by time:
     D:1: 1352 daAuts
     D:3: 1290 daAuts
     D:2: 905 daAuts
     D:4: 7 daAuts
